 Dungeon Crawl Stone Soup version 0.28.0-43-g3370ac3207 (webtiles) character file.

Game seed: 6081560076850663792

2 Pemander the Vexing (level 1, 0/7 HPs)
             Began as a Felid Enchanter on Mar 17, 2022.
             Slain by a jackal (3 damage)
             ... on level 1 of the Dungeon.
             The game lasted 00:00:46 (174 turns).

Pemander the Vexing (Felid Enchanter)                Turns: 174, Time: 00:00:47

Health: 0/7        AC:  1    Str:  4    XL:     1   Next: 33%
Magic:  4/4        EV: 17    Int: 16    God:
Gold:   0          SH:  0    Dex: 16    Spells: 4/4 levels left
                                        Lives:  0   Deaths: 0

rFire   . . .      SeeInvis +     - Unarmed
rCold   . . .      Faith    .   (shield unavailable)
rNeg    . . .      Spirit   .   (armour unavailable)
rPois   .          Reflect  .   (helmet unavailable)
rElec   .          Harm     .   (cloak unavailable)
rCorr   .          Rampage  .   (gloves unavailable)
Will    .....                   (boots unavailable)
Stlth   +++.......              (no amulet)
HPRegen 0.02/turn               (no ring)
MPRegen 0.09/turn               (no ring)

@: quick
A: very small, claws 1, fangs 3, see invisible, speed 1, shaggy fur 1, stealthy
paws, no weapons or thrown items, no armour, multi-lived
a: no special abilities


You were on level 1 of the Dungeon.
You visited 1 branch of the dungeon, and saw 1 of its levels.

Inventory:

Potions
 a - a potion of invisibility


   Skills:
 - Level 2.6 Dodging
 - Level 4.0 Stealth
 - Level 1.0 Unarmed Combat
 + Level 2.2 Spellcasting
 - Level 4.4 Hexes


You had 4 spell levels left.
You didn't know any spells.
Your spell library contained the following spells:

 Spells                   Type           Power      Damage    Failure   Level
 Confusing Touch          Hex            15%        N/A       10%         3
 Tukima's Dance           Hex            15%        N/A       10%         3
 Ensorcelled Hibernation  Hex/Ice        16%        N/A       12%         2
 Dazzling Flash           Conj/Hex       16%        N/A       24%         3


Dungeon Overview and Level Annotations

Branches:
Dungeon (1/15)

Altars:


Innate Abilities, Weirdness & Mutations

You have sharp claws.
You have razor-sharp teeth.
You have supernaturally acute eyesight. (SInv)
You cover ground quickly. (Speed+)
You are covered in fur. (AC +1)
Your paws help you pounce on unaware monsters.
You are incapable of wielding weapons or throwing items.
You cannot wear armour.
You gain extra lives every three experience levels.


Message History

There is a fountain of clear blue water here.
There is a dry fountain here.
A rat comes into view.
A rat is nearby!
A rat is nearby! 3 jackals come into view.
Found 7 gold pieces.
The jackal barks!
You hear a bark!
The jackal barks!
You hear an angry hiss.
A jackal comes into view.
The jackal barks!
The rat closely misses you.
A frilled lizard comes into view.
You closely miss the rat. The rat misses you. The jackal completely misses you.
You scratch the jackal.
The jackal is heavily wounded.
The jackal barely misses you. x2
You scratch the jackal but do no damage.
The jackal is heavily wounded.
The jackal misses you.
You closely miss the jackal.
The jackal is moderately wounded.
The jackal misses you.
You scratch the jackal but do no damage.
The jackal is moderately wounded.
The jackal bites you but does no damage.
The jackal barely misses you.
You barely miss the jackal.
The jackal is moderately wounded.
The jackal bites you.
You scratch the jackal. Your bite misses the jackal.
The jackal is almost dead.
The jackal barely misses you.
You scratch the jackal.
You kill the jackal!
The jackal bites you.
An endoplasm comes into view.
The jackal barely misses you. The jackal bites you.
You die...

........#.#...hh.
........#.#h#.### ........#.#.# #
........#.#r# # #
............#l#.. ###
#######.#......#
######.################.#......+
........................#r.....#
................@hh...h..l..#.#.#
########.##################.#.#.#
....................### ..... #
#.####.####.####.##...## #.#...
...##...##...##...###..# .#...#
.⌠.##.⌠.##.⌠.##.⌠.# ##.# ## #.#
...##...##...##...####.# .#
#.####.####.####.###...#
#.####.####.####.###.⌠.#


You could see 3 jackals.

Vanquished Creatures
  A jackal (D:1)
  2 kobolds (D:1)
3 creatures vanquished.

Notes
Turn   | Place    | Note
-------+----------+-------------------------------------------
     0 | D:1      | Pemander the Felid Enchanter began the quest for the Orb.
     0 | D:1      | Reached XP level 1. HP: 7/7 MP: 4/4
   174 | D:1      | Slain by a jackal

Illustrated notes

Levels and vault maps discovered:
D:1:      dpeg_arrival_chambers_temple_mockup, layout_basic,
          shapermc_ecumenical_altar_mp_vishouse

Action                   || total
-------------------------++-------
Melee: Unarmed           ||    10
 Stab: Sleeping          ||     2
Armor: Skin              ||     1
Dodge: Dodged            ||    10
